 Dungeon Crawl Stone Soup version 0.31-a0-844-gdc52ec4e09 (webtiles) character file.

Game seed: 5706835770429442407

284 IdlyInterested the Trooper (level 6, 0/51 HPs)
             Began as a Demonspawn Gladiator on Sept 28, 2023.
             Slain by a sleepcap (6 damage)
             ... on level 4 of the Dungeon.
             The game lasted 00:09:18 (2768 turns).

IdlyInterested the Trooper (Demonspawn Gladiator)   Turns: 2768, Time: 00:09:18

Health: 0/51       AC:  7    Str: 14    XL:     6   Next: 7%
Magic:  6/6        EV: 11    Int: 11    God:
Gold:   121        SH:  0    Dex: 15    Spells: 5/5 levels left

rFire   . . .        r - +6 club
rCold   + . .        (no shield)
rNeg    . . .        x - +0 ring mail {rC+}
rPois   +            c - +0 helmet
rElec   .            (no cloak)
rCorr   .            f - +0 pair of gloves
SInv    .            (no boots)
Will    .....        (no amulet)
Stlth   +            w - ring of poison resistance
HPRegen 0.28/turn    (no ring)
MPRegen 0.10/turn

%: no passive effects
@: no status effects
A: claws 2, powered by pain 2
a: no special abilities


You were on level 4 of the Dungeon.
You visited 1 branch of the dungeon, and saw 4 of its levels.

You collected 121 gold pieces.

Inventory:

Hand Weapons
 a - a +0 long sword
 k - a +2 dagger of speed
 r - a +6 club (weapon)
 s - the +5 spear of Dominance {drain, Stlth+}
   (You found it on level 2 of the Dungeon)

   Stlth+:    It makes you more stealthy.
Missiles
 d - 2 throwing nets
 e - a javelin
 h - 20 stones (quivered)
Armour
 c - a +0 helmet (worn)
 f - a +0 pair of gloves (worn)
 l - a +0 chain mail
 x - a +0 ring mail of cold resistance (worn)
Jewellery
 w - a ring of poison resistance (left hand)
Talismans
 v - a serpent talisman
Wands
 t - a wand of roots (12)
Scrolls
 b - 4 scrolls of fog {unknown}
 g - a scroll of brand weapon {unknown}
 i - a scroll of amnesia {unknown}
 j - a scroll of teleportation
 o - 2 scrolls of identify {unknown}
 u - a scroll of poison {unknown}
 y - a scroll of enchant armour {unknown}
Potions
 n - a potion of magic {unknown}
 p - a potion of heal wounds {unknown}
 q - a potion of attraction


   Skills:
 - Level 5.0 Fighting
 - Level 3.0 Long Blades
 - Level 2.0 Throwing
 - Level 1.0 Armour
 - Level 3.0 Dodging
 - Level 1.0 Stealth
 + Level 0.5 Shields
 * Level 1.0 Unarmed Combat
 - Level 1.0 Evocations
 - Level 1.0 Shapeshifting


You had 5 spell levels left.
You didn't know any spells.
Your spell library contained the following spells:

 Spells                   Type           Power      Damage    Failure   Level
 Cause Fear               Hex            0%         N/A       100%        4
 Fireball                 Conj/Fire      0%         3d3       100%        5
 Dragon's Call            Summ           0%         N/A       100%        9


Dungeon Overview and Level Annotations

Branches:
Dungeon (4/15)
 Temple: D:4-7

Altars:
Ashenzari
Nemelex Xobeh
Ru
Trog
Xom

Shops:
D:1 (


Innate Abilities, Weirdness & Mutations

You have very sharp fingernails.
You sometimes gain power by taking damage.


Message History

Your Fighting skill increases to level 5!
Your Shapeshifting skill increases to level 1!
You need to enable at least one skill for training.
Your Unarmed Combat skill increases to level 1!
You have reached level 6!
Your demonic ancestry asserts itself...
Your fingernails sharpen.
Okay, then.
You hit the sleepcap but do no damage. The kobold barely misses you.
The sleepcap misses you.
You hit the sleepcap.
The sleepcap is lightly damaged.
The kobold hits you but does no damage. The sleepcap releases spores at you.
* * * LOW HITPOINT WARNING * * *
You are engulfed in a cloud of soporific spores!
You fall asleep.
The kobold hits you with a +0 club.
You wake up.
* * * LOW HITPOINT WARNING * * *
The sleepcap releases spores at you.
* * * LOW HITPOINT WARNING * * *
It was a potion of curing.
You feel better. The kobold barely misses you.
The sleepcap releases spores at you.
* * * LOW HITPOINT WARNING * * *
You are engulfed in a cloud of soporific spores!
You are unaffected.
You thump the sleepcap!
The sleepcap is heavily damaged.
The kobold hits you but does no damage. The sleepcap releases spores at you.
* * * LOW HITPOINT WARNING * * *
You are engulfed in a cloud of soporific spores!
You are unaffected.
The kobold hits you but does no damage.
The sleepcap releases spores at you but does no damage.
You hit the sleepcap.
The sleepcap is heavily damaged.
The kobold hits you but does no damage. The sleepcap barely misses you.
You hit the sleepcap.
You punch the sleepcap, but do no damage.
The sleepcap is severely damaged.
The kobold hits you but does no damage. The sleepcap releases spores at you.
You die...

#.. .... #. #..
...
#.###..#..###.#
............#..
#....=.......## #
#.............#.#
......).......#.#
......K@.......$#
......f.......#
..............#
.......#......#
....#.....<...#
....#......#.##
... #........# ##
........###
..#....###


You could see a sleepcap and a kobold.

Vanquished Creatures
  Blork the orc (D:4)
  An iguana (D:4)
  Jessica (D:2)
  Ijyb (D:3)
  Robin (D:2)
  5 adders
  2 worms (D:3)
  2 dart slugs
  5 endoplasms (D:1)
  4 giant cockroaches
  13 goblins
  8 hobgoblins
  6 jackals
  3 kobolds
  A quokka (D:1)
  3 ball pythons
  6 bats
  7 frilled lizards
  4 rats
74 creatures vanquished.

Notes
Turn   | Place    | Note
-------+----------+-------------------------------------------
     0 | D:1      | IdlyInterested the Demonspawn Gladiator began the quest for
                  | the Orb.
     0 | D:1      | Reached XP level 1. HP: 16/16 MP: 1/1
   125 | D:1      | Gained mutation: You sometimes gain a little power by
                  | taking damage. [demonic ancestry]
   125 | D:1      | Reached XP level 2. HP: 22/22 MP: 2/2
   481 | D:1      | Found a faded altar of an unknown god.
   608 | D:1      | Found Eneurab's Antique Weapon Boutique.
   624 | D:1      | Reached XP level 3. HP: 27/28 MP: 3/3
  1131 | D:2      | Noticed Robin
  1138 | D:2      | Reached skill level 3 in Fighting
  1153 | D:2      | Killed Robin
  1154 | D:2      | Reached skill level 1 in Armour
  1170 | D:2      | Gained mutation: You sometimes gain power by taking damage.
                  | [demonic ancestry]
  1170 | D:2      | Reached XP level 4. HP: 35/35 MP: 4/4
  1387 | D:2      | Identified the +5 spear of Dominance {drain, Stlth+}
  1417 | D:2      | Noticed Jessica
  1431 | D:2      | Killed Jessica
  1589 | D:2      | Reached skill level 1 in Stealth
  1874 | D:3      | Reached skill level 4 in Fighting
  2052 | D:3      | Noticed Ijyb
  2069 | D:3      | Killed Ijyb
  2070 | D:3      | Gained mutation: You have sharp fingernails. [demonic
                  | ancestry]
  2070 | D:3      | Reached XP level 5. HP: 15/43 MP: 5/5
  2210 | D:3      | Reached skill level 1 in Evocations
  2427 | D:3      | Found a sparkling altar of Nemelex Xobeh.
  2429 | D:3      | Found a broken altar of Ashenzari.
  2430 | D:3      | Found a sacrificial altar of Ru.
  2545 | D:4      | Found a shimmering altar of Xom.
  2551 | D:4      | Found a bloodstained altar of Trog.
  2748 | D:4      | Noticed Blork the orc
  2761 | D:4      | Killed Blork the orc
  2762 | D:4      | Reached skill level 5 in Fighting
  2762 | D:4      | Reached skill level 1 in Shapeshifting
  2762 | D:4      | Reached skill level 1 in Unarmed Combat
  2762 | D:4      | Gained mutation: You have very sharp fingernails. [demonic
                  | ancestry]
  2762 | D:4      | Reached XP level 6. HP: 10/51 MP: 6/6
  2764 | D:4      | HP: 2/51 [sleepcap (2)]
  2768 | D:4      | Slain by a sleepcap

Illustrated notes

Levels and vault maps discovered:
D:1:      psy_arrival_radial02, layout_basic,
          dreamdust_ecumenical_altar_angels_and_demons, serial_shops, shop
D:2:      layout_loops_ring, serial_bayou_crossing, uniq_robin, uniq_jessica
D:3:      layout_rooms, chequers_temple_overflow_statue_of_worship, uniq_ijyb
D:4:      layout_basic, grunt_temple_overflow_open,
          mainiacjoe_overflow_alcove_4, lemuel_crystal_altar, minmay_crossroads,
          uniq_blork_the_orc

Skill      XL: |  1  2  3  4  5 |
---------------+----------------+-----
Long Blades    | 3 |  3.0
Dodging        | 3 |  3.0
Throwing       | 2 |  2.0
Fighting       | 3 4 5 |  5.0
Armour         | 1 |  1.0
Stealth        | 1 |  1.0
Evocations     | 1 |  1.0
Shapeshifting  | 1 |  1.0
Unarmed Combat | 1 |  1.0
Shields        | |  0.5

Action                     |  1- 3 |  4- 6 || total
---------------------------+-------+-------++-------
  Melee: Long sword        |    93 |    13 ||   106
         Punch             |     3 |     1 ||     4
         Unarmed           |    19 |     1 ||    20
         Club              |       |   108 ||   108
  Throw: Javelin           |     1 |       ||     1
         Stone             |       |     1 ||     1
         Throwing net      |       |     1 ||     1
    Use: Potion            |     1 |     2 ||     3
         Scroll            |       |     1 ||     1
 Armour: Leather armour    |    10 |       ||    10
         Ring mail         |    23 |    27 ||    50
         Chain mail        |    33 |    90 ||   123
         Skin              |    18 |       ||    18
  Dodge: Dodged            |    65 |    52 ||   117

Table legend: (Time is in decaauts)
 A = Elapsed time spent in this place.
 B = Non-inter-level travel time spent in this place.
 C = Inter-level travel time spent in this place.
 D = Time resting spent in this place.
 E = Time spent auto-exploring this place.
 F = Levels seen in this place.
 G = Mean time per level.
                   A        B        C        D        E       F      G
               +--------+--------+--------+--------+--------+-----+--------+
         Total |   2835 |   2547 |    288 |    572 |   1211 |   4 |  708.8 |
       Dungeon |   2835 |   2547 |    288 |    572 |   1211 |   4 |  708.8 |
               +--------+--------+--------+--------+--------+-----+--------+

Top non-repeatable levels by time:
     D:2: 1112 daAuts
     D:1: 836 daAuts
     D:3: 681 daAuts
     D:4: 205 daAuts
